 Dungeon Crawl Stone Soup version 0.28-a0-664-gc179e30c89 (webtiles) character file.

Game seed: 17746857579322037259

44 flotson the Sneak (level 3, 0/29 HPs)
             Began as a Demonspawn Delver on Oct 15, 2021.
             Slain by a quokka (2 damage)
             ... on level 3 of the Dungeon.
             The game lasted 00:02:54 (703 turns).

flotson the Sneak (Demonspawn Delver)                Turns: 703, Time: 00:02:55

Health: 0/29       AC:  5    Str: 13    XL:     3   Next: 41%
Magic:  3/3        EV: 12    Int: 11    God:
Gold:   26         SH:  0    Dex: 14    Spells: 2/2 levels left

rFire   . . .      SeeInvis .   a - +0 hand axe
rCold   . . .      Faith    .   (no shield)
rNeg    . . .      Spirit   .   b - +0 leather armour
rPois   .          Reflect  .   (no helmet)
rElec   .          Harm     .   (no cloak)
rCorr   .          Rampage  .   (no gloves)
Will    .....                   (no boots)
Stlth   ++........              (no amulet)
HPRegen 0.09/turn               (no ring)
MPRegen 0.08/turn               (no ring)

@: no status effects
A: yellow scales 1
a: no special abilities


You were on level 3 of the Dungeon.
You visited 1 branch of the dungeon, and saw 4 of its levels.

You collected 26 gold pieces.

Inventory:

Hand Weapons
 a - a +0 hand axe (weapon)
Armour
 b - a +0 leather armour (worn)
Wands
 g - a wand of digging (2)
 h - a wand of polymorph (9)
Scrolls
 c - a scroll of fog
 e - a scroll of fear


   Skills:
 + Level 3.5 Fighting
 - Level 1.7 Axes
 + Level 1.4 Armour
 + Level 2.5 Dodging
 - Level 4.5 Stealth


You had 2 spell levels left.
You didn't know any spells.
Your spell library contained the following spells:

 Spells                   Type           Power      Damage    Failure   Level
 Blink                    Tloc           N/A        N/A       56%         2
 Lesser Beckoning         Tloc           0%         N/A       80%         3
 Manifold Assault         Tloc           0%         N/A       100%        5


Dungeon Overview and Level Annotations

Branches:
Dungeon (5/15)             Temple (0/1) D:4

Altars:
Ru


Innate Abilities, Weirdness & Mutations

You are partially covered in yellow scales. (AC +2)


Message History

You hit the jackal.
You kill the jackal!
The jackal bites you.
You hit the jackal.
You kill the jackal!
Things that are here:
a jackal corpse; an adder corpse You hit the worm.
The worm is moderately wounded.
The worm bites you.
You hit the worm.
The worm is moderately wounded.
The worm bites you.
* * * LOW HITPOINT WARNING * * *
You hit the worm but do no damage.
The worm is moderately wounded.
The worm bites you but does no damage.
You barely miss the worm.
The worm is lightly wounded.
You hit the worm but do no damage.
The worm is lightly wounded.
The worm barely misses you.
You hit the worm.
The worm is heavily wounded.
The worm bites you.
* * * LOW HITPOINT WARNING * * *
Aiming: Dig
Press: ? - help, Shift-Dir - straight line A rock wall.
The rock shatters into small pieces.
You hear the slow rusting of a distant drain.
A quokka comes into view.
You closely miss the quokka. The quokka closely misses you.
The quokka bites you.
* * * LOW HITPOINT WARNING * * *
You barely miss the quokka. The quokka bites you.
* * * LOW HITPOINT WARNING * * *
You hit the quokka but do no damage. The quokka completely misses you.
The quokka bites you.
You die...

#####.##.....
#............
#..w.....####
#........# #........#
#........# #........#
############w.......#
......r@............#
#####################


You could see a worm and a quokka.

Vanquished Creatures
  2 adders (D:3)
  An ufetubus (D:5)
  4 orcs (D:3)
  2 endoplasms
  2 hobgoblins
  2 jackals (D:3)
  2 kobolds
  A quokka (D:3)
  A bat (D:3)
17 creatures vanquished.

Notes
Turn   | Place    | Note
-------+----------+-------------------------------------------
     0 | D:5      | flotson the Demonspawn Delver began the quest for the Orb.
     0 | D:5      | Reached XP level 1. HP: 18/18 MP: 1/1
   344 | D:4      | Found a sacrificial altar of Ru.
   344 | D:4      | Noticed an orc wizard
   351 | D:4      | Gained mutation: You are partially covered in yellow
                  | scales. (AC +2) [demonic ancestry]
   351 | D:4      | Reached XP level 2. HP: 20/24 MP: 2/2
   411 | D:4      | Found a staircase to the Ecumenical Temple.
   550 | D:3      | Reached skill level 1 in Armour
   656 | D:3      | Reached XP level 3. HP: 17/29 MP: 3/3
   703 | D:3      | Slain by a quokka

Illustrated notes

Levels and vault maps discovered:
D:2:      layout_rooms, feat_on_display
D:3:      layout_basic, cheibrodos_sewer_entry_bend
D:4:      minmay_clustersquares, layout_loops_ring,
          nicolae_ru_great_annihilating_truth, xom_confusion_cloud,
          mainiacjoe_overflow_alcove_2, minmay_temple_entry_large_hall,
          minmay_fractal_squares_5
D:5:      minmay_goblin_kobold_castle, layout_loops_cross, hex_large

Skill      XL: |  1  2 |
---------------+-------+-----
Dodging        | 2 |  2.5
Armour         | 1 |  1.4
Fighting       | |  3.5
Axes           | |  1.7
Stealth        | |  4.5

Action                   || total
-------------------------++-------
Melee: Hand axe          ||    82
Evoke: Wand              ||     1
  Use: Scroll            ||     1
       Potion            ||     1
 Stab: Sleeping          ||     2
Armor: Leather armour    ||    29
Dodge: Dodged            ||    46

Table legend: (Time is in decaauts)
 A = Elapsed time spent in this place.
 B = Non-inter-level travel time spent in this place.
 C = Inter-level travel time spent in this place.
 D = Time resting spent in this place.
 E = Time spent auto-exploring this place.
 F = Levels seen in this place.
 G = Mean time per level.
                   A        B        C        D        E       F      G
               +--------+--------+--------+--------+--------+-----+--------+
         Total |    705 |    705 |      0 |     33 |    262 |   4 |  176.2 |
       Dungeon |    705 |    705 |      0 |     33 |    262 |   4 |  176.2 |
               +--------+--------+--------+--------+--------+-----+--------+

Top non-repeatable levels by time:
     D:5: 258 daAuts
     D:3: 252 daAuts
     D:4: 179 daAuts
     D:2: 15 daAuts
